 Dungeon Crawl Stone Soup version 0.23.2-1-ga50397a (webtiles) character file.

Game seed: 7556269651204923613

8890 Alelolelolen the Protected (level 11, -8/90 HPs)
             Began as a Minotaur Fighter on May 20, 2019.
             Was an Elder of Makhleb.
             Mangled by an orc warrior
             ... wielding a +2 glaive of flaming
              (19 damage)
             ... on level 10 of the Dungeon on May 28, 2019.
             The game lasted 00:18:40 (13167 turns).

Alelolelolen the Protected (Minotaur Fighter)      Turns: 13167, Time: 00:18:41

Health: -8/90      AC: 11    Str: 28 (30) XL:     11   Next: 15%
Magic:  10/10      EV:  9    Int:  6 (8)  God:    Makhleb [****..]
Gold:   412        SH: 13    Dex: 11      Spells: 10/10 levels left

rFire    + . .     SeeInvis .   a - +0 trident
rCold    . . .     Gourm    .   c - +0 shield
rNeg     . . .     Faith    .   b - +0 scale mail
rPois    .         Spirit   .   (helmet restricted)
rElec    .         Reflect  .   (no cloak)
rCorr    .         Harm     .   (no gloves)
MR       .....                  (no boots)
Stlth    ..........             (no amulet)
HPRegen  0.25/turn              p - +2 ring of strength
MPRegen  0.12/turn              H - +3 ring of intelligence

@: mighty, marked, very slightly contaminated
A: retaliatory headbutt, horns 2, thin metallic scales 1, fire resistance 1,
frail 1
a: Minor Destruction, Lesser Servant of Makhleb, Major Destruction, Renounce
Religion


You were on level 10 of the Dungeon.
You worshipped Makhleb.
Makhleb was greatly pleased with you.
You were not hungry.

You visited 2 branches of the dungeon, and saw 11 of its levels.

You collected 509 gold pieces.
You spent 97 gold pieces at shops.

Inventory:

Hand Weapons
 a - a +0 trident (weapon)
 F - a +0 dagger
Armour
 b - a +0 scale mail (worn)
 c - a +0 shield (worn)
 E - the +1 robe "Jeinystoziff" {Str+3, unknown}
   (You found it on level 9 of the Dungeon)

   It affects your strength (+3).
Jewellery
 p - a +2 ring of strength (left hand)
 v - an uncursed ring of wizardry
 H - a +3 ring of intelligence (right hand)
Wands
 j - a wand of iceblast (2)
 m - a wand of random effects (19)
 t - a wand of polymorph (8)
 A - a wand of paralysis (10)
Scrolls
 e - 14 scrolls of remove curse
 g - 2 scrolls of teleportation
 i - 9 scrolls of identify {unknown}
 l - 3 scrolls of magic mapping {unknown}
 o - 6 scrolls of blinking {unknown}
 q - a scroll of random uselessness {unknown}
 r - 2 scrolls of fear {unknown}
 u - a scroll of immolation {unknown}
 w - a scroll of enchant armour {unknown}
 y - a scroll of torment {unknown}
 C - a scroll of amnesia {unknown}
 D - a scroll of brand weapon {unknown}
 G - 2 scrolls of holy word {unknown}
Potions
 d - 4 potions of might
 h - 2 potions of invisibility
 n - 5 potions of lignification
 s - a potion of degeneration
 x - a potion of cancellation
 z - a potion of berserk rage {unknown}
 B - a potion of agility
Comestibles
 f - 8 rations
 k - 3 chunks of flesh


   Skills:
 + Level 10.9 Fighting
 + Level 10.7 Polearms
 + Level 11.0 Armour
 + Level 10.9 Shields


You had 10 spell levels left.
You didn't know any spells.
Your spell library contained the following spells:

 Spells                   Type           Power        Failure   Level  Hunger
 Beastly Appendage        Tmut           #.....       83%         1    ##.....
 Magic Dart               Conj           #...         83%         1    ##.....
 Blink                    Tloc           N/A          93%         2    ###....
 Call Imp                 Summ           #.......     93%         2    ###....
 Slow                     Hex            #.......     93%         2    ###....
 Sticks to Snakes         Tmut           #.......     93%         2    ###....
 Conjure Flame            Conj/Fire      #.......     99%         3    ####...
 Mephitic Cloud           Conj/Pois/Air  #.......     99%         3    ####...
 Spider Form              Tmut/Pois      #.........   99%         3    ####...
 Cause Fear               Hex            #.........   100%        4    #####..
 Ice Form                 Ice/Tmut       #.......     100%        4    #####..
 Blade Hands              Tmut           #.........   100%        5    ######.
 Silence                  Hex/Air        #.........   100%        5    ######.
 Yara's Violent Unravell  Hex/Tmut       #.........   100%        5    ######.
 Deflect Missiles         Chrm/Air       #.........   100%        6    #######
 Discord                  Hex            #.........   100%        8    #######


Dungeon Overview and Level Annotations

Branches:
Dungeon (10/15)            Temple (1/1) D:4            Lair (0/6) D:8
    Orc: D:9-12

Altars:
Ashenzari
Cheibriados
Dithmenos
Elyvilon
Fedhas
Gozag
Hepliaklqana
Kikubaaqudgha
Makhleb
Nemelex Xobeh
Okawaru
Qazlal
Ru
Sif Muna
Trog
Uskayaw
Vehumet
Wu Jian
Xom
Yredelemnul
Zin
The Shining One

Shops:
D:6 =   D:7 =


Innate Abilities, Weirdness & Mutations

You reflexively headbutt those who attack you in melee.
You have a pair of horns on your head.
You are partially covered in thin metallic scales. (AC +2)
Your flesh is heat resistant. (rF+)
You are frail. (-10% HP)


Message History

You feel better.
Items here: ! ( ))))))))) = [[[[[[[[ †††††††† You hit the orc warrior.
Your headbutt misses the orc warrior.
The orc warrior is moderately wounded.
The orc warrior closely misses you. You furiously retaliate!
You headbutt the orc warrior.
Your shield prevents you from hitting the orc warrior.
The orc warrior is moderately wounded.
You block the orc warrior's attack.
You closely miss the orc warrior.
The orc warrior is moderately wounded.
You block the orc's attack.
An orc comes into view.
You hit the orc warrior.
The orc warrior is heavily wounded.
The orc hits you.
* * * LOW HITPOINT WARNING * * *
The orc warrior hits you with a +2 glaive of flaming!!
You die...
Xom snickers!

#....#
#################..[.###Y.
...........Y@o......('..Y.
######.#####.##.....###Y@
#.#...#.##.)...#
#.....#........#
###(######.....# #(#
#[....# ########@###
#.....#


..ooooooo#<# #.##### ########.#.# #.# #.#[# #.# #.).# #+# ##.## #..# .# ##.##
...# #.[# ....# You could see 2 orc warriors and 5 orcs.

Vanquished Creatures
  Harold (D:10)
  An ugly thing (D:10)
  A gargoyle (D:9)
  Prince Ribbit (D:6)
  3 hippogriffs
  A wyvern (D:10)
  9 yaks
  Duvessa (D:6)
  A hornet zombie (D:5)
  2 ice beasts (D:8)
  7 orc warriors
  4 sky beasts
  A wolf (D:6)
  2 centaurs
  6 ogres
  Blork the orc (D:6)
  5 bullfrogs
  Dowan (D:6)
  A wyvern skeleton (D:8)
  6 killer bees
  9 scorpions
  4 howler monkeys
  5 wights (D:10)
  4 jellies
  3 crimson imps
  3 bullfrog zombies
  6 hounds
  A centaur zombie (D:7)
  5 orc priests
  4 centaur skeletons
  4 orc wizards
  5 worker ants
  2 hound skeletons
  A worker ant zombie (D:8)
  A gnoll (D:1)
  16 adders
  2 shadow imps
  2 oozes (D:1)
  An adder skeleton (D:9)
  5 worms
  3 dart slugs
  3 leopard geckos
  38 orcs
  6 giant cockroaches
  9 goblins
  9 hobgoblins
  4 jackals
  4 quokkas
  12 bats
  3 frilled lizards
  9 kobolds
  A leopard gecko skeleton (D:6)
  A leopard gecko zombie (D:5)
  4 rats
244 creatures vanquished.

Vanquished Creatures (others)
  2 fungi (D:6)
2 creatures vanquished.

Grand Total: 246 creatures vanquished

Notes
Turn   | Place    | Note
-------+----------+-------------------------------------------
     0 | D:1      | Alelolelolen the Minotaur Fighter began the quest for the
                  | Orb.
     0 | D:1      | Reached XP level 1. HP: 19/19 MP: 0/0
   284 | D:1      | Reached XP level 2. HP: 15/27 MP: 1/1
   813 | D:1      | Reached skill level 4 in Armour
   846 | D:1      | Found a sparkling altar of Nemelex Xobeh.
   852 | D:1      | Reached XP level 3. HP: 33/33 MP: 2/2
  1578 | D:2      | Reached XP level 4. HP: 39/40 MP: 3/3
  2193 | D:3      | Reached XP level 5. HP: 31/47 MP: 4/4
  3027 | D:4      | Found a staircase to the Ecumenical Temple.
  3059 | Temple   | Entered the Ecumenical Temple
  3134 | Temple   | Became a worshipper of Xom of Chaos
  3378 | D:4      | Reached skill level 5 in Fighting
  3378 | D:4      | Reached skill level 5 in Armour
  3378 | D:4      | Reached skill level 5 in Shields
  3557 | D:4      | Found a burning altar of Makhleb.
  3659 | D:4      | Found a shadowy altar of Dithmenos.
  3813 | D:4      | Found an opulent altar of Gozag.
  3813 | D:4      | Found a shattered altar of Ashenzari.
  3814 | D:4      | Found a snail-covered altar of Cheibriados.
  3890 | D:5      | Entered Level 5 of the Dungeon
  3903 | D:5      | Reached XP level 6. HP: 25/56 MP: 5/5
  4265 | D:5      | XOM: harmless Ice miscast
  4287 | D:5      | XOM: summons 2 hostile demons
  4288 | D:5      | Noticed a chaos spawn
  4302 | D:5      | XOM: summons 3 hostile demons
  4422 | D:4      | XOM: harmless Erth miscast
  4636 | D:4      | Fell from the grace of Xom
  4636 | D:4      | Became a worshipper of Makhleb the Destroyer
  4840 | D:5      | Reached skill level 5 in Polearms
  4840 | D:5      | Reached XP level 7. HP: 62/62 MP: 6/6
  4961 | D:5      | XOM: medium Hex miscast
  5149 | D:5      | XOM: give mutations
  5149 | D:5      | Gained mutation: Your flesh is heat resistant. (rF+) [Xom's
                  | grace]
  5149 | D:5      | Gained mutation: You are partially covered in thin metallic
                  | scales. (AC +2) [Xom's grace]
  5260 | D:6      | XOM: noise
  5266 | D:6      | Reached skill level 6 in Armour
  5585 | D:6      | Noticed Duvessa
  5585 | D:6      | Noticed Dowan
  5586 | D:6      | Noticed Prince Ribbit
  5594 | D:6      | Killed Dowan
  5594 | D:6      | Reached XP level 8. HP: 38/71 MP: 7/7
  5612 | D:6      | Killed Duvessa
  5614 | D:6      | XOM: summons 6 hostile demons
  5631 | D:5      | XOM: mild Pois miscast
  5883 | D:6      | Reached * piety under Makhleb
  6009 | D:6      | XOM: 1-stop teleportation journey
  6034 | D:6      | XOM: medium Erth miscast
  6069 | D:6      | Reached skill level 7 in Armour
  6086 | D:6      | XOM: stat loss: -3 Str (19/22)
  6118 | D:6      | Found Hoanotey's Jewellery Emporium.
  6298 | D:6      | Bought a +2 ring of strength for 97 gold pieces
  6319 | D:6      | XOM: polymorph hound -> wolf
  6415 | D:6      | XOM: stat loss: -3 Dex (8/11)
  6453 | D:6      | Killed Prince Ribbit
  6865 | D:6      | Noticed Blork the orc
  6871 | D:6      | Killed Blork the orc
  7507 | D:7      | Reached skill level 8 in Armour
  7507 | D:7      | Reached XP level 9. HP: 30/81 MP: 8/8
  8030 | D:7      | HP: 1/82 [orc warrior/+0 mace (10)]
  8145 | D:7      | XOM: mild Conj miscast
  8155 | D:7      | XOM: summons 6 hostile demons
  8421 | D:7      | Found Oceviut's Jewellery Shoppe.
  8916 | D:7      | XOM: mild Tloc miscast
  9024 | D:7      | XOM: mild Pois miscast
  9278 | D:7      | Reached skill level 9 in Armour
  9299 | D:7      | HP: 4/82 [poisoned by a killer bee]
  9307 | D:7      | HP: 4/82 [poisoned by a killer bee]
  9806 | D:8      | Reached ** piety under Makhleb
 10262 | D:8      | Found a radiant altar of Vehumet.
 10262 | D:8      | Found a white marble altar of Elyvilon.
 10263 | D:8      | Found an iron altar of Okawaru.
 10386 | D:8      | Found a staircase to the Lair.
 10519 | D:8      | Reached XP level 10. HP: 91/91 MP: 9/9
 10973 | D:9      | Reached *** piety under Makhleb
 11240 | D:9      | Reached skill level 10 in Armour
 11326 | D:9      | Reached skill level 10 in Fighting
 11374 | D:9      | Noticed a gargoyle
 11386 | D:9      | Killed a gargoyle
 11386 | D:9      | Reached skill level 10 in Shields
 11436 | D:9      | XOM: mild Erth miscast
 11596 | D:9      | Got a faintly glowing robe
 11802 | D:9      | XOM: god gift: dagger {god gift}
 11872 | D:10     | Entered Level 10 of the Dungeon
 11894 | D:10     | Reached skill level 10 in Polearms
 12316 | D:10     | Noticed Harold
 12353 | D:10     | HP: 2/94 [Harold/+0 halberd (14)]
 13058 | D:9      | XOM: medium Tmut miscast
 13081 | D:10     | Killed Harold
 13081 | D:10     | Reached XP level 11. HP: 70/101 MP: 10/10
 13117 | D:10     | Noticed a brown ugly thing
 13118 | D:10     | Gained mutation: You are frail. (-10% HP) [mutagenic glow]
 13147 | D:10     | Killed a green ugly thing
 13147 | D:10     | Reached skill level 11 in Armour
 13151 | D:10     | Reached **** piety under Makhleb
 13157 | D:10     | HP: 2/90 [orc warrior/+0 hand axe (6)]
 13167 | D:10     | Mangled by an orc warrior

Skill      XL: |  1  2  3  4  5  6  7  8  9 10 11 |
---------------+----------------------------------+-----
Shields        | 4 5 6 7 9 10 | 10.9
Fighting       | 4 5 6 8 9 10 | 10.9
Armour         | 4 5 6 8 9 10 11 | 11.0
Polearms       | 3 4 5 6 7 9 10 | 10.7

Action                   |  1- 3 |  4- 6 |  7- 9 | 10-12 || total
-------------------------+-------+-------+-------+-------++-------
Melee: Trident           |    98 |   154 |   429 |   336 ||  1017
       Headbutt          |    14 |    21 |    82 |    75 ||   192
  Use: Scroll            |       |     1 |     1 |       ||     2
       Potion            |       |       |    11 |     3 ||    14
 Stab: Invisible         |       |       |     1 |       ||     1
  Eat: Chunk             |     2 |     5 |       |     5 ||    12
       Ration            |       |     2 |     5 |     1 ||     8
Armor: Scale mail        |    31 |    44 |   195 |    48 ||   318
       Skin              |       |       |    62 |       ||    62
Dodge: Dodged            |    24 |    28 |   131 |    62 ||   245
Block: Shield            |    28 |    68 |   266 |   156 ||   518
